AoeStats
← CrypticPluto711

Arabia

503198170Analyzed
1v1 RM · 1mo ago on Aug 30, 2026· 27m 18s· 2 players
Game mode
Random Map
Map size
Tiny (2 player)
Population
200
Speed
Normal
Resources
Standard
Victory
Conquest
Starting age
Dark Age
Ending age
Imperial Age
RankedLock teamsTeams togetherTeam positionsShared explorationLock speedFull tech treeHidden civsTurbo modeCheats
Victory
Defeat
🇫🇮 Wu · Finland
909
+16
🇹🇷 Georgians · Türkiye
901
-31
CrypticPluto711
5:06 Loom
11:20 Feudal Age
12:00 Double-Bit Axe
12:09 Gold Mining
12:00 Horse Collar
21:20 Wheelbarrow
21:03 Man-at-Arms
24:04 Man-at-Arms
eke
11:04 Feudal Age
11:36 Horse Collar
11:41 Double-Bit Axe
11:29 Man-at-Arms
13:29 Wheelbarrow
13:24 Forging
22:26 Castle Age
21:24 Scale Mail Armor
21:14 Arson
22:34 Long Swordsman
23:17 Squires
23:43 Chain Mail Armor
24:35 Iron Casting
Connection lost

Rejoining the realm…

Still unreachable

The connection could not be restored.

Session expired

The server has moved on; the page needs a fresh start.